 Dungeon Crawl Stone Soup version 0.23-a0-79-gaa8cc03057 (webtiles) character file.

366 LLavrengius the Insei (level 6, 0/41 HPs)
             Began as an Octopode Transmuter on Aug 11, 2018.
             Slain by a giant cockroach (1 damage)
             ... on level 4 of the Dungeon.
             The game lasted 00:16:02 (4443 turns).

LLavrengius the Insei (Octopode Transmuter)         Turns: 4443, Time: 00:16:03

Health: 0/41       AC:  1    Str:  9    XL:     6   Next: 68%
Magic:  6/9        EV: 13    Int: 17    God:
Gold:   82         SH:  0    Dex: 13    Spells: 3/9 levels left

rFire    . . .     SeeInvis .   u - +2 great mace (protect)
rCold    . . .     Gourm    .   (shield currently unavailable)
rNeg     . . .     Faith    .   (helmet restricted)
rPois    .         Spirit   .   (no amulet)
rElec    .         Reflect  .   r - ring of flight
rCorr    .         Harm     .   (no ring)
MR       .....                  (no ring)
Stlth    ++........             (no ring)
HPRegen  0.13/turn              (no ring)
MPRegen  0.11/turn              (no ring)
                                (no ring)
                                (no ring)

@: no status effects
A: almost no armour, stealthy swim, amphibious, 8 rings, constrict 8, camouflage
1, gelatinous body 1
a: Evoke Flight


You were on level 4 of the Dungeon.
You were not hungry.

You visited 1 branch of the dungeon, and saw 4 of its levels.

You collected 82 gold pieces.

Inventory:

Hand Weapons
 m - a +0 hunting sling
 u - a +2 great mace of protection (weapon)
Missiles
 a - 73 arrows
 d - 50 sling bullets
 f - 112 stones (quivered)
 g - 38 poisoned needles
 l - 63 bolts
Armour
 j - a +0 buckler
Jewellery
 r - a ring of flight (left tentacle)
Scrolls
 b - 7 scrolls of identify {unknown}
 i - a scroll of remove curse
 q - 2 scrolls of teleportation {unknown}
 t - a scroll of blinking {unknown}
Potions
 e - a potion of brilliance {unknown}
 h - 2 potions of haste {unknown}
 k - a potion of mutation {unknown}
 s - a potion of flight {unknown}
Comestibles
 c - 10 rations


   Skills:
 + Level 2.9 Fighting
 - Level 2.0 Dodging
 * Level 5.2 Unarmed Combat
 - Level 2.1 Spellcasting
 + Level 3.4 Transmutations
 + Level 2.6 Poison Magic


You had 3 spell levels left.
You knew the following spells:

 Your Spells              Type           Power        Failure   Level  Hunger
a - Beastly Appendage     Tmut           ##....       4%          1    #......
b - Sticks to Snakes      Tmut           ##......     7%          2    ###....
c - Spider Form           Tmut/Pois      ##........   16%         3    ###....

Your spell library contained the following spells:

 Spells                   Type           Power        Failure   Level  Hunger
 Magic Dart               Conj           #...         19%         1    #......
 Conjure Flame            Conj/Fire      #.......     50%         3    ###....
 Slow                     Hex            #.......     28%         2    ###....
 Mephitic Cloud           Conj/Pois/Air  #.......     36%         3    ###....
 Blink                    Tloc           N/A          28%         2    ###....
 Call Imp                 Summ           #.......     28%         2    ###....
 Blade Hands              Tmut           ##........   77%         5    ######.
 Ice Form                 Ice/Tmut       #.......     67%         4    #####..


Dungeon Overview and Level Annotations

Branches:
Dungeon (4/15)
 Temple: D:4-7

Altars:
Hepliaklqana
Nemelex Xobeh
Okawaru
Ru
Xom


Innate Abilities, Weirdness & Mutations

You cannot wear most types of armour.
You are very stealthy in the water. (Stealth+)
You are amphibious.
You can wear up to eight rings at the same time.
You can use your tentacles to constrict eight enemies at once.
Your skin changes colour to match your surroundings (Stealth+).
Your rubbery body absorbs attacks. (AC +1, EV +1)


Message History

You barely miss the ogre.
The ogre is almost dead.
The jackal bites you but does no damage.
The ooze hits your ball python.
Your ball python dies!
The jackal closely misses you. The giant cockroach barely misses you.
The ogre hits you with a giant club!
* * * LOW HITPOINT WARNING * * *
The jackal bites you but does no damage.
The giant cockroach bites you.
* * * LOW HITPOINT WARNING * * *
You barely miss the ogre. Your squeeze misses the ogre.
The ogre is almost dead.
The jackal bites you.
* * * LOW HITPOINT WARNING * * *
The jackal barely misses you. The ogre misses you. The ooze closely misses you.
The giant cockroach bites you but does no damage.
The jackal closely misses you. x2; The ooze barely misses you.
The giant cockroach bites you.
You die...

####.#.......#
........######
#####...#
#.......# ##
#.##....# ...
#...<#..# ....
####.#..# .....
###.#.h##).....
.......O@h...(..
.##.##..sJ....[#
#. #.........#
.. #.........#
.. #.$.......#
#.........#
######...## ...#


You could see an ogre, an ooze, 2 jackals and a giant cockroach.

Vanquished Creatures
  An orc wizard (D:4)
  3 orc priests (D:4)
  An iguana (D:4)
  2 worker ants
  A hound skeleton (D:4)
  Robin (D:2)
  4 gnolls (D:2)
  4 adders
  5 dart slugs
  4 leopard geckos
  3 orcs
  4 giant cockroaches
  13 goblins
  10 hobgoblins
  4 jackals
  4 kobolds
  A ball python (D:1)
  7 bats
  2 frilled lizards
  A rat (D:2)
75 creatures vanquished.

Notes
Turn   | Place    | Note
-------+----------+-------------------------------------------
     0 | D:1      | LLavrengius the Octopode Transmuter began the quest for the Orb.
     0 | D:1      | Reached XP level 1. HP: 13/13 MP: 3/3
   151 | D:1      | Reached XP level 2. HP: 18/18 MP: 5/5
   158 | D:1      | Learned a level 2 spell: Sticks to Snakes
   966 | D:2      | Reached XP level 3. HP: 15/23 MP: 6/6
  1625 | D:2      | Learned a level 3 spell: Spider Form
  1694 | D:2      | Reached skill level 4 in Unarmed Combat
  1694 | D:2      | Reached XP level 4. HP: 21/29 MP: 1/7
  2077 | D:2      | Reached skill level 1 in Poison Magic
  2342 | D:2      | Found a deep blue altar of Sif Muna.
  2373 | D:2      | Noticed Robin
  2382 | D:2      | Reached XP level 5. HP: 32/34 MP: 8/8
  2703 | D:2      | Killed Robin
  2893 | D:2      | Found a shimmering altar of Xom.
  2893 | D:2      | Found a hazy altar of Hepliaklqana.
  2895 | D:2      | Found an iron altar of Okawaru.
  2895 | D:2      | Found a sacrificial altar of Ru.
  2895 | D:2      | Found a sparkling altar of Nemelex Xobeh.
  3903 | D:4      | Reached XP level 6. HP: 26/41 MP: 7/9
  4134 | D:4      | Reached skill level 5 in Unarmed Combat
  4443 | D:4      | HP: 1/41 [jackal (2)]
  4443 | D:4      | Slain by a giant cockroach

Vault maps used:
D:1:      giann_horns
D:2:      doesnt_xom_only_xom, hangedman_abyss_or_decor_lesser_grid, uniq_robin
D:4:      led_sif_pool, first_ration, ashenzari_altar_1

Skill      XL: |  1  2  3  4  5  6 |
---------------+-------------------+-----
Unarmed Combat | 4 5 |  5.2
Fighting       | 2 |  2.9
Poison Magic   | 1 2 |  2.6
Transmutations | 3 |  3.4
Dodging        | |  2.0
Spellcasting   | |  2.1

Action                   |  1- 3 |  4- 6 || total
-------------------------+-------+-------++-------
Melee: Unarmed           |    62 |    64 ||   126
       Constrict         |    23 |    33 ||    56
       Tentacles         |     9 |    23 ||    32
       Kick              |    10 |    18 ||    28
       Punch             |     2 |     2 ||     4
       Great mace        |       |    53 ||    53
 Fire: Hunting sling     |       |     1 ||     1
 Cast: Beastly Appendage |    14 |    15 ||    29
       Sticks to Snakes  |     3 |     7 ||    10
  Use: Scroll            |       |     6 ||     6
 Stab: Sleeping          |     8 |     7 ||    15
  Eat: Chunk             |     3 |     9 ||    12
Armor: Skin              |     6 |    17 ||    23
Dodge: Dodged            |    28 |   128 ||   156

Table legend:
 A = Non-vault XP
 B = Vault XP
 C = Vault XP percentage of total XP
 D = Non-vault monster count
 E = Vault monster count
 F = Vault count percentage of total count
 G = Total turns spent on level
                 A         B        C        D         E       F
            +---------+---------+-------+---------+---------+-------
      Total |     489 |      34 |   6.5 |      64 |      11 |  14.7
            +---------+---------+-------+---------+---------+-------
        D:1 |      28 |       2 |   6.7 |      13 |       1 |   7.1
        D:2 |     137 |      32 |  18.9 |      28 |      10 |  26.3
        D:3 |      62 |       0 |   0.0 |      12 |       0 |   0.0
        D:4 |     262 |       0 |   0.0 |      11 |       0 |   0.0
            +---------+---------+-------+---------+---------+-------
